 Dungeon Crawl Stone Soup version 0.29-a0-1052-g6990b1bffc (webtiles) character file.

Game seed: 1377518461676154973

56700 Newt the End of an Era (level 14, -2/110 HPs)
             Began as a Demonspawn Gladiator on Aug 17, 2022.
             Was the Champion of Qazlal.
             Slain by a culicivora (11 damage)
             ... summoned by a broodmother
             ... on level 3 of the Lair of Beasts.
             The game lasted 00:50:44 (25757 turns).

Newt the End of an Era (Demonspawn Gladiator)      Turns: 25757, Time: 00:50:44

Health: -2/110     AC: 16    Str: 25    XL:     14   Next: 43%
Magic:  22/22      EV: 10    Int: 11    God:    Qazlal [******]
Gold:   1233       SH:  0    Dex: 14    Spells: 13/13 levels left

rFire   . . .      SeeInvis .   w - +2 whip (vamp)
rCold   + . .      Faith    .   k - +1 kite shield {rPois}
rNeg    + . .      Spirit   .   M - +2 chain mail {rN+}
rPois   +          Reflect  +   (helmet restricted)
rElec   .          Harm     .   G - scarf {shadows}
rCorr   .          Rampage  +   h - +0 pair of gloves
Will    ++...                   c - +0 pair of boots {rampage}
Stlth   ..........              o - amulet of reflection
HPRegen 0.28/turn               v - +6 ring of strength
MPRegen 0.18/turn               N - ring of willpower

@: confused, mighty, ambrosia-drunk, protected from cold, repel missiles
A: antennae 1, large bone plates 2, spiny 2
a: Renounce Religion, Upheaval, Elemental Force, Disaster Area


You were on level 3 of the Lair of Beasts.
You worshipped Qazlal.
Qazlal was exalted by your worship.
You visited 3 branches of the dungeon, and saw 17 of its levels.
You also visited: Ossuary.

You collected 1428 gold pieces.
You spent 195 gold pieces at shops.

Inventory:

Hand Weapons
 a - a +3 flail
 w - a +2 vampiric whip (weapon)
Missiles
 d - a throwing net
 e - 6 javelins
 f - 149 stones
 J - 22 poisoned darts (quivered)
 S - a curare-tipped dart
Armour
 c - a +0 pair of boots of rampaging (worn)
 g - the -2 pair of boots of the Black Moon {Fly rElec Int+5 Dex-4}
   (You found it on level 7 of the Dungeon)

   Int:       It affects your intelligence (+5).
   Dex:       It affects your dexterity (-4).
   rElec:     It insulates you from electricity.
   Fly:       It grants you flight.
 h - a +0 pair of gloves (worn)
 j - an orb of mayhem
 k - a +1 kite shield of poison resistance (worn)
 G - a scarf of shadows (worn)
 M - a +2 chain mail of positive energy (worn)
 Z - a +3 leather armour
Jewellery
 o - an amulet of reflection (around neck)
 v - a +6 ring of strength (left hand)
 N - a ring of willpower (right hand)
 P - a ring of ice
 T - a ring of see invisible
 V - a +6 ring of strength
Wands
 p - a wand of iceblast (6)
 x - a wand of charming (8)
 K - a wand of digging (2)
 L - a wand of quicksilver (19)
 O - a wand of polymorph (1)
Scrolls
 i - 4 scrolls of enchant weapon
 q - 2 scrolls of teleportation
 t - a scroll of magic mapping
 u - a scroll of poison
 A - a scroll of silence
 F - 6 scrolls of butterflies
 H - a scroll of amnesia
 W - 2 scrolls of summoning
Potions
 l - 7 potions of curing
 m - 2 potions of brilliance
 r - a potion of heal wounds
 s - 6 potions of lignification
 z - 2 potions of berserk rage
 C - a potion of mutation
 D - a potion of magic
 E - a potion of haste
 I - 5 potions of flight
 Y - a potion of might
Miscellaneous
 b - a box of beasts (inert)
 n - a phantom mirror (inert)
 y - a phial of floods


   Skills:
 - Level 10.0 Fighting
 - Level 4.0 Short Blades
 - Level 10.0 Maces & Flails
 - Level 4.0 Ranged Weapons
 - Level 1.7 Throwing
 - Level 10.0 Armour
 - Level 6.0 Dodging
 - Level 2.0 Stealth
 - Level 10.0 Shields
 + Level 10.7 Invocations
 - Level 10.0 Evocations


You had 13 spell levels left.
You didn't know any spells.
Your spell library contained the following spells:

 Spells                   Type           Power      Damage    Failure   Level
 Apportation              Tloc           0%         N/A       99%         1
 Beastly Appendage        Tmut           0%         N/A       99%         1
 Freeze                   Ice            0%         1d3       99%         1
 Blink                    Tloc           0%         N/A       99%         2
 Poisonous Vapours        Pois/Air       0%         N/A       99%         2
 Static Discharge         Conj/Air       0%         3-3/arc   99%         2
 Sublimation of Blood     Necr           0%         N/A       99%         2
 Wereblood                Tmut           0%         N/A       99%         2
 Dazzling Flash           Conj/Hex       0%         N/A       100%        3
 Frozen Ramparts          Ice            0%         1d1       100%        3
 Ozocubu's Armour         Ice            0%         N/A       100%        3
 Spider Form              Tmut/Pois      0%         N/A       100%        3
 Dispel Undead            Necr           0%         3d6       100%        4
 Hailstorm                Conj/Ice       0%         3d3       100%        4
 Ice Form                 Ice/Tmut       0%         N/A       100%        4
 Iskenderun's Mystic Bla  Conj/Tloc      0%         2d3       100%        4
 Petrify                  Tmut/Erth      0%         N/A       100%        4
 Sticky Flame             Conj/Fire      0%         2d3       100%        4
 Summon Ice Beast         Ice/Summ       0%         N/A       100%        4
 Summon Lightning Spire   Summ/Air       0%         N/A       100%        4
 Agony                    Necr           0%         N/A       100%        5
 Alistair's Intoxication  Tmut/Pois      0%         N/A       100%        5
 Borgnjor's Vile Clutch   Necr/Erth      0%         N/A       100%        5
 Irradiate                Conj/Tmut      0%         3d11      100%        5
 Metabolic Englaciation   Hex/Ice        0%         N/A       100%        5
 Silence                  Hex/Air        0%         N/A       100%        5
 Eringya's Noxious Bog    Tmut/Pois      0%         N/A       100%        6
 Simulacrum               Ice/Necr       0%         N/A       100%        6
 Malign Gateway           Summ/Tloc      0%         N/A       100%        7
 Storm Form               Tmut/Air       0%         N/A       100%        7
 Maxwell's Capacitive Co  Air            0%         ∞         100%        8
 Summon Horrible Things   Summ           0%         N/A       100%        8


Dungeon Overview and Level Annotations

Branches:
Dungeon (11/15)            Temple (0/1) D:4            Lair (5/5) D:9
 Shoals (0/4) Lair:2       Spider (1/4) Lair:3        Slime (0/5) Lair:5
Ossuary (visited)
    Orc: D:9-12

Altars:
Ashenzari
Qazlal
Sif Muna
Trog
Vehumet
Xom
Jiyva

Shops:
D:1 [

Annotations:
D:4 Menkaure
D:6 4 runed translucent doors
Lair:1 2 transporters, quixfox's ghost, journeyman DsCj
Lair:2 2 transporters


Innate Abilities, Weirdness & Mutations

You have a pair of small antennae on your head.
You are mostly covered in large bone plates. (SH +6)
You are mostly covered in sharp spines.


Message History

You feel very mighty all of a sudden.
The tarantella is engulfed in blazing flames.
You kill the tarantella!
Qazlal accepts your kill.
A freezing mist starts to gather...
The broodmother summons spiders!
The broodmother is struck by lightning.
The broodmother is struck by your spines.
The broodmother bites you.
* * * LOW HITPOINT WARNING * * *
A tarantella simulacrum comes into view.
You are more confused.
You feel invigorated.
The jumping spider leaps!
The broodmother is struck by your spines.
The broodmother barely misses you.
You closely miss the broodmother.
The broodmother is moderately wounded.
The jumping spider is struck by your spines.
The jumping spider pounces on you but does no damage.
The jumping spider bites you but does no damage.
The tarantella is struck by your spines.
The tarantella touches you!
* * * LOW HITPOINT WARNING * * *
You are more confused.
The broodmother summons spiders!
You completely miss the culicivora. The jumping spider pounces on you!
* * * LOW HITPOINT WARNING * * *
The jumping spider bites you but does no damage.
The tarantella is struck by your spines.
The tarantella barely misses you.
The tarantella simulacrum hits you but does no damage.
The broodmother is healed somewhat.
The broodmother bites you but does no damage.
You closely miss the broodmother.
The broodmother is moderately wounded.
The tarantella touches you!
* * * LOW HITPOINT WARNING * * *
The jumping spider leaps!
The culicivora is struck by your spines.
The culicivora bites you!
You die...

P.P.##.## ######
........####P##.#
..###..........##### ### ###
##.#####....^..## #######.## ###
###..#^^.s####.........
#.#.#^.^..#.##.#####.## #
#..^###.^.#..#.## #### #
###.#s○Z####....## ## #
##.s☼s@####.#..#.## #. # ###
##.###○s##:......#.####. ###.##
###.....#.#^.##...........
.....###..#.#.##.#..####...#.#...
###..#P#.#...####^#^.# ##.#####..
####....####..###.#..####.# #..
....##.#.#P#.##.....##.##.## #..
............##.<...##..##..####..
......#.#..#.........>...........


You could see a broodmother, an orb spider (summoned), a culicivora (summoned),
a jumping spider (summoned), a tarantella (summoned) and a tarantella
simulacrum.

Vanquished Creatures
  2 catoblepae
  2 boulder beetles
  3 hydras
  2 two-headed ogres (D:7)
  6 death yaks (Lair:4)
  Urug (Lair:4)
  A goliath frog (Lair:5)
  A pharaoh ant (Spider:1)
  2 wolf spiders
  3 black mambas
  7 elephants
  24 cane toads
  A gargoyle (D:7)
  An unseen horror (D:7)
  A rime drake (Lair:3)
  4 komodo dragons
  A troll (D:7)
  2 hornets
  4 polar bears
  A tarantella (Lair:3)
  3 tyrant leeches (Lair:5)
  51 blink frogs
  A wraith (D:7)
  53 yaks
  4 wyverns
  2 centaur simulacra (D:10)
  Grum (D:9)
  2 basilisks
  3 steam dragons
  8 vampire mosquitoes
  An acid dragon (D:9)
  8 water moccasins
  2 orc warriors
  2 ice beasts (D:7)
  9 black bears
  A sky beast (D:6)
  3 ogres
  21 wolves
  5 centaurs
  23 bullfrogs
  2 kobold brigands
  A gnoll sergeant (D:7)
  5 scorpions
  A necrophage (D:7)
  3 wights (D:9)
  2 jellies (D:6)
  16 killer bees
  5 howler monkeys
  4 electric eels
  4 hounds
  4 gnoll boudas
  4 orc priests
  8 iguanas
  5 orc wizards
  8 mummies (Ossuary)
  5 adders
  12 gnolls
  6 river rats (D:6)
  4 white imps
  2 howler monkey simulacra (D:10)
  5 ufetubi
  A worm (D:2)
  2 dart slugs
  33 orcs
  2 bats
  5 endoplasms
  2 giant cockroaches (D:2)
  4 gnoll zombies (Ossuary)
  10 goblins
  6 hobgoblins
  9 jackals
  9 quokkas
  6 ball pythons
  A hobgoblin zombie (Ossuary)
  12 kobolds
  2 kobold zombies (Ossuary)
  An orc zombie (Ossuary)
  18 rats
  2 rat zombies (D:7)
503 creatures vanquished.

Vanquished Creatures (collateral kills)
  A hydra (Lair:1)
  A blink frog (Lair:5)
  A vampire (D:7)
  3 yaks
  An ice beast (D:10)
  A kobold brigand (D:8)
  4 killer bees (D:8)
  An orc priest (D:8)
  2 white imps (D:10)
  8 orcs
  4 kobolds
27 creatures vanquished.

Vanquished Creatures (others)
  Nessos (Lair:5)
  A yak (D:11)
  A killer bee (D:8)
  An orc (D:8)
  A kobold (D:8)
  41 fungi
  76 plants
122 creatures vanquished.

Grand Total: 652 creatures vanquished

Notes
Turn   | Place    | Note
-------+----------+-------------------------------------------
     0 | D:1      | Newt the Demonspawn Gladiator began the quest for the Orb.
     0 | D:1      | Reached XP level 1. HP: 16/16 MP: 1/1
    94 | D:1      | Reached skill level 1 in Stealth
   150 | D:1      | Gained mutation: You are partially covered in sharp spines.
                  | [demonic ancestry]
   150 | D:1      | Reached XP level 2. HP: 16/22 MP: 2/2
   428 | D:1      | Noticed an eye of devastation
   432 | D:1      | Found a faded altar of an unknown god.
   435 | D:1      | Noticed a great orb of eyes
   474 | D:1      | Noticed an eye of devastation
   474 | D:1      | Noticed a golden eye
   657 | D:1      | Found Viutra Ceist's Antique Armour Shop.
   919 | D:1      | Gained mutation: You are mostly covered in sharp spines.
                  | [demonic ancestry]
   919 | D:1      | Reached XP level 3. HP: 27/27 MP: 3/3
  1959 | D:3      | Found a stormy altar of Qazlal.
  2021 | D:3      | Gained mutation: You have a pair of small antennae on your
                  | head. [demonic ancestry]
  2021 | D:3      | Reached XP level 4. HP: 33/33 MP: 4/4
  2236 | D:3      | Found a shimmering blue altar of Sif Muna.
  2236 | D:3      | Found a broken altar of Ashenzari.
  2344 | D:3      | Became a worshipper of Qazlal Stormbringer
  2365 | D:4      | Reached skill level 1 in Ranged Weapons
  2431 | D:4      | Noticed Menkaure
  2760 | D:4      | Reached XP level 5. HP: 10/38 MP: 5/5
  3384 | D:4      | Found a staircase to the Ecumenical Temple.
  3390 | D:4      | Noticed an ogre
  3402 | D:4      | Killed an ogre
  3543 | D:4      | Gained mutation: You are partially covered in large bone
                  | plates. (SH +4) [demonic ancestry]
  3543 | D:4      | Reached XP level 6. HP: 44/44 MP: 6/6
  3552 | D:5      | Entered Level 5 of the Dungeon
  3870 | D:4      | Reached XP level 7. HP: 45/55 MP: 7/7
  4074 | D:5      | Reached * piety under Qazlal
  4138 | D:5      | Reached skill level 5 in Fighting
  4646 | D:6      | Reached skill level 1 in Maces & Flails
  4849 | D:6      | Reached XP level 8. HP: 62/62 MP: 8/8
  4864 | D:6      | Found a shimmering altar of Xom.
  5505 | D:6      | Reached skill level 5 in Maces & Flails
  5812 | D:6      | Found a large runed translucent door.
  5812 | D:6      | Noticed a two-headed ogre
  5813 | D:6      | Found a large runed translucent door.
  5813 | D:6      | Noticed a troll
  5820 | D:6      | Found a large runed translucent door.
  5823 | D:6      | Found a large runed translucent door.
  6192 | D:6      | Reached XP level 9. HP: 65/68 MP: 9/9
  6208 | D:6      | Reached ** piety under Qazlal
  6487 | D:6      | Noticed a purple ugly thing
  6866 | D:7      | Found a sand-covered staircase.
  6876 | Ossuary  | Entered an ossuary
  7206 | D:7      | Reached skill level 5 in Dodging
  7211 | D:7      | Reached *** piety under Qazlal
  7482 | D:7      | Reached skill level 1 in Invocations
  7792 | D:7      | Reached skill level 5 in Invocations
  8066 | D:7      | Noticed a troll
  8071 | D:7      | Found a runed translucent door.
  8083 | D:7      | Killed a troll
  8084 | D:7      | Reached skill level 1 in Evocations
  8199 | D:7      | Reached XP level 10. HP: 23/74 MP: 14/14
  8506 | D:7      | Identified the -2 pair of boots of the Black Moon {Fly
                  | rElec Int+5 Dex-4}
  8913 | D:7      | Noticed a gargoyle
  9348 | D:8      | Reached skill level 5 in Evocations
  9952 | D:9      | Reached **** piety under Qazlal
 10384 | D:9      | Reached skill level 1 in Shields
 10818 | D:9      | Found a staircase to the Lair.
 11643 | D:9      | Found a bloodstained altar of Trog.
 11723 | D:9      | Reached skill level 5 in Shields
 11912 | D:9      | Noticed Grum
 11942 | D:9      | Killed Grum
 12208 | D:10     | Entered Level 10 of the Dungeon
 12226 | D:10     | Gained mutation: You are mostly covered in large bone
                  | plates. (SH +6) [demonic ancestry]
 12226 | D:10     | Reached XP level 11. HP: 57/84 MP: 15/15
 13674 | D:10     | Found a radiant altar of Vehumet.
 14527 | D:11     | Noticed a tengu warrior
 14527 | D:11     | Noticed a two-headed ogre
 14788 | D:1      | Bought a pair of runed boots for 195 gold pieces
 15078 | D:7      | Noticed a two-headed ogre
 15094 | D:7      | Reached skill level 10 in Maces & Flails
 15104 | D:7      | Killed a two-headed ogre
 15216 | D:7      | Reached skill level 5 in Armour
 15299 | D:7      | Identified the +5 short sword of Ziurph {antimagic, *Slow
                  | rN+ Will++ Stlth+}
 15336 | D:7      | Noticed a two-headed ogre
 15369 | D:7      | Killed a two-headed ogre
 16575 | Lair:1   | Entered Level 1 of the Lair of Beasts
 16863 | Lair:1   | Reached XP level 12. HP: 79/91 MP: 16/16
 17038 | Lair:1   | Noticed a five-headed hydra
 17046 | Lair:1   | Killed a five-headed hydra
 17737 | Lair:1   | Found a transporter.
 17750 | Lair:1   | Noticed a boulder beetle
 17771 | Lair:1   | Noticed quixfox's ghost (journeyman DsCj)
 17785 | Lair:1   | Killed a boulder beetle
 17874 | Lair:1   | Found a transporter.
 18678 | Lair:2   | Reached skill level 10 in Armour
 18690 | Lair:2   | Found a staircase to the Shoals.
 18922 | Lair:2   | Found a transporter.
 19082 | Lair:2   | Noticed a boulder beetle
 19103 | Lair:2   | Killed a boulder beetle
 19369 | Lair:2   | Found a transporter.
 19777 | Lair:3   | Noticed a four-headed hydra
 19785 | Lair:3   | Killed a four-headed hydra
 19794 | Lair:3   | Reached ***** piety under Qazlal
 19936 | Lair:3   | Reached XP level 13. HP: 96/96 MP: 17/17
 20209 | Lair:3   | Reached skill level 10 in Evocations
 20318 | Lair:3   | You fall into a shaft and drop 1 floor!
 20648 | Lair:3   | Found a hole to the Spider Nest.
 22750 | Lair:5   | Entered Level 5 of the Lair of Beasts
 22801 | Lair:5   | Reached skill level 10 in Shields
 22876 | Lair:5   | Noticed Nessos
 23329 | Lair:5   | Noticed Urug
 23360 | Lair:4   | Killed Urug
 23734 | Lair:4   | Reached XP level 14. HP: 105/108 MP: 18/18
 23812 | Lair:5   | Reached ****** piety under Qazlal
 23827 | Lair:5   | Killed Nessos
 23828 | Lair:5   | Reached skill level 10 in Fighting
 24689 | Lair:5   | Reached skill level 10 in Invocations
 25194 | Lair:5   | Got the Atlas of the Seventy-Seven Knives
 25361 | Lair:5   | Found a staircase to the Slime Pits.
 25362 | Lair:5   | Found a viscous altar of Jiyva.
 25709 | Spider:1 | Entered Level 1 of the Spider Nest
 25745 | Spider:1 | Noticed a broodmother
 25757 | Lair:3   | Slain by a culicivora

Illustrated notes

Levels and vault maps discovered:
D:1:      minmay_arrival_shattered_statue, layout_loops_ring,
          hellmonk_ecumenical_altar_watching_god, serial_shops,
          nicolae_shop_crystal, chequers_serial_rivers_micro_a,
          chequers_serial_rivers_marsh
D:2:      layout_basic
D:3:      layout_loops_cross, nicolae_overflow_two_pavilions,
          grunt_temple_overflow_open, minmay_misc_feat_more_columns
D:4:      layout_basic, temple_doors_e, chequers_serial_rivers_marsh,
          uniq_menkaure
D:5:      layout_rooms, st_stairs_4, hangedman_abyss_or_decor_passed
D:6:      lemuel_ratsnest, layout_basic, mainiacjoe_overflow_cross_hatched,
          minmay_hollow_rounded_squares
D:7:      minmay_the_grid_triangle_9x9_rhombus_full
          [minmay_the_grid_triangle_9x9_dagger,
          minmay_the_grid_triangle_9x9_limited_checkers,
          minmay_the_grid_triangle_9x9_intruding_spiral,
          minmay_the_grid_triangle_9x9_stretched_checkered,
          minmay_the_grid_triangle_9x9_subtriangle,
          minmay_the_grid_triangle_9x9_corrupted_corridor,
          minmay_the_grid_triangle_9x9_alien,
          minmay_the_grid_triangle_9x9_prize_schism], layout_basic,
          enter_ossuary_4
D:8:      layout_rooms
D:9:      layout_basic, mainiacjoe_overflow_small_starburst, erik_lair_dragon,
          uniq_grum
D:10:     layout_rooms, lemuel_crystal_altar, serial_ice, serial_ice_l,
          serial_ice_a, serial_ice_n, serial_ice_f, serial_ice_e, serial_ice_g,
          serial_ice_c, serial_ice_m
D:11:     layout_cave_pods, minmay_fractal_squares_gapless_7
Lair:1:   layout_cave_pods, gammafunk_ghost_abyssal_escape,
          nzn_sisyphean_effort, infiniplex_staircase_pool
Lair:2:   gammafunk_worm_tunnel, layout_loops_ring,
          minmay_shoals_entry_centaurs, beast_lair_carwin_10
Lair:3:   layout_loops_ring, spider_nest_entry_rubble
Lair:4:   layout_cave_pods
Lair:5:   minmay_lair_end_frog_pond, layout_misc_corridors,
          dpeg_slime_entry_corner, chequers_serial_rivers_micro_a, uniq_urug,
          uniq_nessos
Spider:1: layout_chambers

Skill      XL: |  1  2  3  4  5  6  7  8  9 10 11 12 13 14 |
---------------+-------------------------------------------+-----
Stealth        | 1 2 |  2.0
Short Blades   | 3 4 |  4.0
Ranged Weapons | 2 3 4 |  4.0
Fighting       | 4 5 7 9 10 | 10.0
Armour         | 4 7 10 | 10.0
Maces & Flails | 1 6 7 10 | 10.0
Dodging        | 6 |  6.0
Invocations    | 6 10 | 10.7
Evocations     | 3 5 9 10 | 10.0
Shields        | 6 10 | 10.0
Throwing       | |  1.7

Action                   |  1- 3 |  4- 6 |  7- 9 | 10-12 | 13-15 || total
-------------------------+-------+-------+-------+-------+-------++-------
Melee: Rapier            |    54 |       |       |       |       ||    54
       Dagger            |       |    79 |    97 |       |       ||   176
       Punch             |       |     1 |     6 |       |       ||     7
       Flail             |       |       |   271 |     6 |       ||   277
       Whip              |       |       |       |  1167 |  1029 ||  2196
 Fire: Sling             |    34 |    66 |    70 |     1 |       ||   171
Throw: Stone             |     2 |       |       |     5 |       ||     7
       Throwing net      |       |     1 |     1 |     2 |       ||     4
       Javelin           |       |     1 |       |       |       ||     1
       Dart              |       |       |       |     7 |       ||     7
Invok: Upheaval          |       |       |     1 |       |       ||     1
       Elemental Force   |       |       |       |     3 |       ||     3
Evoke: Box of beasts     |       |       |       |     1 |     1 ||     2
       Phantom mirror    |       |       |       |     1 |     1 ||     2
       Wand              |       |       |       |       |     3 ||     3
  Use: Scroll            |     1 |     4 |    13 |    12 |     3 ||    33
       Potion            |       |     2 |     5 |       |     3 ||    10
 Stab: Sleeping          |     2 |     1 |       |       |       ||     3
       Distracted        |     1 |       |       |     2 |     1 ||     4
       Held in net/web   |       |       |       |     1 |       ||     1
       Petrified         |       |       |       |       |     6 ||     6
Armor: Leather armour    |    16 |    30 |    36 |   110 |    86 ||   278
       Chain mail        |       |       |       |       |    11 ||    11
Dodge: Dodged            |    37 |    48 |   145 |   275 |   163 ||   668
       Repelled          |       |       |       |     4 |     1 ||     5
Block: Other             |     1 |    33 |   206 |     3 |       ||   243
       Orb               |       |       |       |   391 |       ||   391
       Reflection        |       |       |       |     9 |     7 ||    16
       Kite shield       |       |       |       |   616 |  1185 ||  1801

Table legend: (Time is in decaauts)
 A = Elapsed time spent in this place.
 B = Non-inter-level travel time spent in this place.
 C = Inter-level travel time spent in this place.
 D = Time resting spent in this place.
 E = Time spent auto-exploring this place.
 F = Levels seen in this place.
 G = Mean time per level.
                   A        B        C        D        E       F      G
               +--------+--------+--------+--------+--------+-----+--------+
         Total |  25229 |  24177 |   1052 |   9520 |  10062 |  18 | 1401.6 |
       Dungeon |  16186 |  15331 |    855 |   6728 |   5958 |  11 | 1471.5 |
          Lair |   8768 |   8573 |    195 |   2792 |   3962 |   5 | 1753.6 |
   Spider Nest |     37 |     37 |      0 |      0 |      0 |   1 |   37.0 |
       Ossuary |    237 |    237 |      0 |      0 |    142 |   1 |  237.0 |
               +--------+--------+--------+--------+--------+-----+--------+

Top non-repeatable levels by time:
     D:7: 3633 daAuts
     D:9: 2746 daAuts
  Lair:4: 2571 daAuts
     D:6: 2116 daAuts
  Lair:3: 1727 daAuts
  Lair:1: 1716 daAuts
  Lair:5: 1519 daAuts
     D:4: 1497 daAuts
  Lair:2: 1233 daAuts
     D:8: 1109 daAuts
    D:10: 1083 daAuts
     D:1: 1052 daAuts
     D:5: 867 daAuts
     D:3: 814 daAuts
     D:2: 723 daAuts
